 Dungeon Crawl Stone Soup version 0.29.1-2-gbd0b4ee654 (webtiles) character file.

Game seed: 15258759806748511010

115 kingsuperguy the Caller (level 5, -2/36 HPs)
             Began as a Merfolk Summoner on Nov 20, 2022.
             Killed by divine providence
             ... invoked by an orc priest
              (14 damage)
             ... on level 3 of the Dungeon.
             The game lasted 00:07:45 (3437 turns).

kingsuperguy the Caller (Merfolk Summoner)          Turns: 3437, Time: 00:07:45

Health: -2/36      AC:  3    Str:  8    XL:     5   Next: 0%
Magic:  0/9        EV: 13    Int: 17    God:
Gold:   117        SH:  0    Dex: 14    Spells: 6/9 levels left

rFire   . . .      SeeInvis .   c - +0 short sword (venom)
rCold   . . .      Faith    .   (no shield)
rNeg    . . .      Spirit   .   a - +0 robe
rPois   .          Reflect  .   t - +0 helmet
rElec   .          Harm     .   (no cloak)
rCorr   .          Rampage  .   (no gloves)
Will    .....                   (no boots)
Stlth   ++........              (no amulet)
HPRegen 0.12/turn               (no ring)
MPRegen 0.11/turn               (no ring)

@: no status effects
A: (nimble swimmer 2), mertail
a: no special abilities


You were on level 3 of the Dungeon.
You visited 1 branch of the dungeon, and saw 3 of its levels.

You collected 117 gold pieces.

Inventory:

Hand Weapons
 c - a +0 short sword of venom (weapon)
Armour
 a - a +0 robe (worn)
 t - a +0 helmet (worn)
Jewellery
 h - a +6 ring of strength
 i - a +6 ring of dexterity
 s - a +6 ring of dexterity
Wands
 n - a wand of digging (5)
 v - a wand of paralysis (15)
Scrolls
 f - a scroll of enchant weapon {unknown}
 g - 2 scrolls of summoning {unknown}
 j - a scroll of blinking {unknown}
 k - a scroll of teleportation {unknown}
 m - a scroll of identify {unknown}
 o - a scroll of enchant armour {unknown}
 p - 2 scrolls of noise {unknown}
 q - a scroll of silence {unknown}
 r - a scroll of brand weapon {unknown}
 w - a scroll of poison {unknown}
Potions
 b - a potion of magic
 d - 3 potions of mutation {unknown}
 e - 4 potions of curing {unknown}
 l - 2 potions of flight {unknown}
 u - a potion of heal wounds {unknown}


   Skills:
 + Level 0.7 Fighting
 - Level 2.1 Short Blades
 + Level 3.1 Dodging
 + Level 3.1 Stealth
 + Level 2.6 Spellcasting
 + Level 4.7 Summonings


You had 6 spell levels left.
You knew the following spells:

 Your Spells              Type           Power      Damage    Failure   Level
a - Summon Small Mammal   Summ           72%        N/A       2%          1
b - Call Imp              Summ           18%        N/A       4%          2

Your spell library contained the following spells:

 Spells                   Type           Power      Damage    Failure   Level
 Call Canine Familiar     Summ           18%        N/A       8%          3
 Apportation              Tloc           4%         N/A       19%         1
 Necrotise                Necr           8%         1d4       19%         1
 Summon Guardian Golem    Hex/Summ       10%        N/A       21%         3
 Gell's Gravitas          Tloc           2%         N/A       47%         3
 Lesser Beckoning         Tloc           2%         N/A       47%         3
 Teleport Other           Tloc           2%         N/A       47%         3
 Summon Lightning Spire   Summ/Air       10%        N/A       56%         4


Dungeon Overview and Level Annotations

Branches:
Dungeon (3/15)

Altars:


Innate Abilities, Weirdness & Mutations

((You are very nimble when in or above water. (Stealth+, EV+, Speed+++)))
Your lower body shifts to a powerful aquatic tail in water.


Message History

g - Guard the area. f - Follow me.
Anything else - Cancel.
Gang up on whom?
Press: ? - help, Dir - move target, f/p - orc
Aim: an orc, wielding a +0 war axe (lightly wounded, ally target) Attack!
Your crimson imp hits the orc.
The orc hits your crimson imp with a +0 war axe!
Unknown command.
You swap places.
The orc completely misses your crimson imp.
Your crimson imp hits the orc.
The orc dies!
You have reached level 5!
You feel clever.
Your crimson imp blinks!
Casting: Summon Small Mammal (safe; 2% risk of failure)
Confirm with . or Enter, or press ? or * to list all spells.
A beastly little devil appears in a puff of frigid air.
Your crimson imp disappears in a puff of smoke!
Your bat barely misses the orc priest.
The orc priest misses your bat.
Your bat hits the orc priest but does no damage.
You swap places.
Your bat disappears in a puff of smoke!
A worm comes into view.
The orc priest hits your quokka with a +0 trident!
Your quokka dies!
Your quokka's corpse disappears in a puff of smoke!
You swap places.
Your white imp hits the orc priest but does no damage.
The orc priest barely misses your white imp.
Your white imp hits the orc priest.
Your white imp freezes the orc priest.
The orc priest mumbles some strange prayers to Beogh against you.
Beogh smites you!
Your white imp gestures at the orc priest.
The puff of frost misses the orc priest.
There is a stone staircase leading up here.
You can't go down here!
The orc priest mumbles some strange prayers to Beogh against you.
Beogh smites you!
You die...

##.###..#####.#
##.#
#..#####.###.##
##.#
#.............#
##.#
##.#####.#####..
...#
#..............
##.#
#######.#######
.# #.# ##
#.##############
..
#.[.@....5oow.o#
# #.#
##############.#
# #.# #......$#
# #.# #g#####5#
#.# b# ####.# oo
...#.#


oo. ##.#.# ##.## #....# # . o# You could see an orc priest (ally target), an orc
and a friendly white imp (summoned).

Vanquished Creatures
  An iguana (D:2)
  An adder (D:2)
  A dart slug (D:1)
  4 endoplasms
  4 giant cockroaches
  4 goblins
  4 hobgoblins
  6 kobolds
  3 ball pythons
  3 frilled lizards
  2 rats
33 creatures vanquished.

Vanquished Creatures (collateral kills)
  A hound (D:3)
  A dart slug (D:1)
  3 orcs (D:3)
  A giant cockroach (D:3)
  A goblin (D:2)
  A bat (D:3)
  A kobold (D:1)
9 creatures vanquished.

Grand Total: 42 creatures vanquished

Notes
Turn   | Place    | Note
-------+----------+-------------------------------------------
     0 | D:1      | kingsuperguy the Merfolk Summoner began the quest for the
                  | Orb.
     0 | D:1      | Reached XP level 1. HP: 13/13 MP: 3/3
   492 | D:1      | Reached skill level 1 in Short Blades
   492 | D:1      | Reached XP level 2. HP: 6/19 MP: 5/5
  1834 | D:2      | Reached XP level 3. HP: 23/24 MP: 6/6
  2326 | D:2      | Reached XP level 4. HP: 20/30 MP: 3/7
  2420 | D:2      | Learned a level 2 spell: Call Imp
  3430 | D:3      | Reached XP level 5. HP: 23/36 MP: 2/9
  3437 | D:3      | Killed from afar by an orc priest

Illustrated notes

Levels and vault maps discovered:
D:1:      elethiomel_arrival_infinity_welcomes_careful_drivers,
          layout_loops_cross
D:2:      layout_basic, minivault_19, minmay_misc_feat_rows,
          kennysheep_generic_room_12
D:3:      layout_loops_ring

Skill      XL: |  1  2  3  4 |
---------------+-------------+-----
Short Blades   | 1 2 |  2.1
Dodging        | 3 |  3.1
Stealth        | 3 |  3.1
Fighting       | |  0.7
Spellcasting   | |  2.6
Summonings     | |  4.7

Action                   |  1- 3 |  4- 6 || total
-------------------------+-------+-------++-------
Melee: Short sword       |    78 |    29 ||   107
       Unarmed           |     4 |       ||     4
 Cast: Summon Small Mamm |    21 |     7 ||    28
       Call Imp          |       |    10 ||    10
 Stab: Sleeping          |     4 |     2 ||     6
Armor: Robe              |     7 |     6 ||    13
Dodge: Dodged            |    47 |    21 ||    68
